 Dungeon Crawl Stone Soup version 0.32-a0-136-gc02482bde3 (webtiles) character file.

Game seed: 11820400200171152666

43416 CougarLife the Thaumaturge (level 14, -3/108 HPs)
             Began as a Gnoll Earth Elementalist on Feb 10, 2024.
             Was a High Priest of Vehumet.
             Slain by a wolf (8 damage)
             ... on level 4 of the Lair of Beasts.
             The game lasted 00:42:42 (20711 turns).

CougarLife the Thaumaturge (GnEE)                  Turns: 20711, Time: 00:42:42

Health: -3/108     AC: 11    Str: 17    XL:     14   Next: 24%
Magic:  9/28       EV: 16    Int: 19    God:    Vehumet [*****.]
Gold:   1025       SH:  5    Dex: 13    Spells: 14/34 levels left

rFire   . . .        O - +9 short sword of Ziskibol {flame, rPois Str+3 Stlth+}
rCold   + . .        (no shield)
rNeg    . . .        p - +2 robe {Will+}
rPois   +            o - +0 helmet
rElec   .            (no cloak)
rCorr   .            A - +2 pair of gloves
SInv    .            H - +0 pair of boots
Will    ++...        f - amulet of reflection
Stlth   +++++        i - +6 ring of strength
HPRegen 0.38/turn    N - ring of protection from cold
MPRegen 0.21/turn

%: reflection
@: mighty, hasted, very quick
A: fangs 1, strong nose, distributed training
a: Renounce Religion


You were on level 4 of the Lair of Beasts.
You worshipped Vehumet.
Vehumet was extremely pleased with you.
You visited 3 branches of the dungeon, and saw 17 of its levels.
You also visited: Sewer.

You collected 1025 gold pieces.

Inventory:

Hand Weapons
 g - a +1 demon whip of venom
 G - a +1 dagger of venom
 O - the +9 short sword of Ziskibol (weapon) {flame, rPois Str+3 Stlth+}
   (You found it on level 11 of the Dungeon)

   Str+3:     It affects your strength (+3).
   rPois:     It protects you from poison Stlth+: It makes you more stealthy.
Missiles
 r - 4 curare-tipped darts
Armour
 o - a +0 helmet (worn)
 p - a +2 robe of willpower (worn)
 A - a +2 pair of gloves (worn)
 E - +0 pearl dragon scales
 H - a +0 pair of boots (worn)
Magical Staves
 a - a staff of cold
Jewellery
 c - a ring of ice
 f - an amulet of reflection (around neck)
 i - a +6 ring of strength (left hand)
 N - a ring of protection from cold (right hand)
Wands
 D - a wand of quicksilver (7)
 J - a wand of paralysis (1)
 L - a wand of flame (5)
 M - a wand of polymorph (3)
Scrolls
 e - 2 scrolls of teleportation
 h - 2 scrolls of poison
 j - 3 scrolls of enchant weapon
 k - 3 scrolls of enchant armour
 m - 3 scrolls of fear
 n - 2 scrolls of noise
 q - 2 scrolls of blinking {unknown}
 x - 3 scrolls of immolation
 y - 2 scrolls of silence {unknown}
 B - 3 scrolls of vulnerability
 C - a scroll of revelation {unknown}
 I - a scroll of brand weapon {unknown}
 P - 2 scrolls of amnesia {unknown}
Potions
 b - 3 potions of curing
 d - 4 potions of might
 l - 2 potions of haste
 s - a potion of brilliance {unknown}
 t - 2 potions of mutation {unknown}
 u - a potion of invisibility {unknown}
 v - 2 potions of berserk rage
 w - 2 potions of ambrosia {unknown}
 z - a potion of magic
 F - 2 potions of enlightenment {unknown}
 K - a potion of attraction {unknown}
 Q - a potion of cancellation {unknown}


   Skills:
 + Level 9.4 Fighting
 + Level 9.4 Short Blades
 + Level 9.4 Long Blades
 + Level 9.4 Axes
 + Level 9.4 Maces & Flails
 + Level 9.4 Polearms
 + Level 9.4 Staves
 + Level 9.4 Ranged Weapons
 + Level 9.4 Throwing
 + Level 9.4 Armour
 + Level 10.4 Dodging
 + Level 10.3 Stealth
 + Level 9.4 Shields
 + Level 9.4 Unarmed Combat
 + Level 10.6 Spellcasting
 + Level 8.1 Conjurations
 + Level 7.8 Hexes
 + Level 7.8 Summonings
 + Level 7.8 Necromancy
 + Level 7.8 Translocations
 + Level 7.8 Fire Magic
 + Level 7.8 Ice Magic
 + Level 7.8 Air Magic
 + Level 9.6 Earth Magic
 + Level 7.8 Alchemy
 + Level 10.2 Invocations
 + Level 9.4 Evocations
 + Level 8.6 Shapeshifting


You had 14 spell levels left.
You knew the following spells:

 Your Spells              Type           Power      Damage    Failure   Level
a - Sandblast             Erth           92%        2d19      1%          1
b - Stone Arrow           Conj/Erth      88%        3d12      1%          3
c - Brom's Barrelling Bo  Conj/Erth      44%        2d6       1%          4
d - Bombard               Conj/Erth      22%        9d4       7%          6
e - Mercury Vapours       Alch/Air       78%        N/A       1%          2
f - Ignite Poison         Fire/Alch      39%        N/A       1%          4

Your spell library contained the following spells:

 Spells                   Type           Power      Damage    Failure   Level
 Irradiate                Conj/Alch      20%        3d18      1%          5
 Sting                    Conj/Alch      100%       1d9       1%          1
 Call Imp                 Summ           78%        N/A       1%          2
 Cigotuvi's Dreadful Rot  Necr/Alch/Air  78%        N/A       1%          2
 Sublimation of Blood     Necr           39%        N/A       1%          2
 Passwall                 Erth           46%        N/A       1%          3
 Tukima's Dance           Hex            39%        N/A       1%          3
 Olgreb's Toxic Radiance  Alch           39%        N/A       1%          4
 Petrify                  Alch/Erth      43%        N/A       1%          4
 Iskenderun's Battlesphe  Conj           41%        2d9       1%          5
 Anguish                  Hex/Necr       19%        N/A       2%          4
 Cause Fear               Hex            19%        N/A       2%          4
 Manifold Assault         Tloc           39%        N/A       2%          4
 Passage of Golubria      Tloc           39%        N/A       2%          4
 Yara's Violent Unravell  Hex/Alch       19%        3d9       2%          5
 Alistair's Intoxication  Alch           26%        N/A       8%          5
 Summon Forest            Summ/Tloc      19%        N/A       8%          5
 Eringya's Noxious Bog    Alch           19%        4d6       11%         6
 Dispersal                Tloc           19%        N/A       38%         6
 Spellforged Servitor     Conj/Summ      20%        N/A       45%         7
 Enfeeble                 Hex            19%        N/A       93%         7
 Summon Hydra             Summ           19%        N/A       93%         7
 Disjunction              Tloc           19%        N/A       100%        8


Dungeon Overview and Level Annotations

Branches:
Dungeon (11/15)            Temple (1/1) D:5            Lair (5/5) D:10
  Swamp (0/4) Lair:3        Snake (0/4) Lair:2        Slime (0/5) Lair:4
    Orc (0/2) D:10          Sewer (visited)

Altars:
Ashenzari
Cheibriados
Dithmenos
Elyvilon
Fedhas
Gozag
Hepliaklqana
Kikubaaqudgha
Makhleb
Nemelex Xobeh
Okawaru
Qazlal
Ru
Sif Muna
Trog
Uskayaw
Vehumet
Wu Jian
Xom
Yredelemnul
Zin
The Shining One

Annotations:
D:11 Erica
Lair:1 1 runed translucent door, Azoth's ghost, journeyman TrSh
Lair:4 3 runed translucent doors, Hoaki's ghost, journeyman HONe; jasper's ghost, journeyman DEAl


Innate Abilities, Weirdness & Mutations

You have very sharp teeth.
Your uncanny sense of smell can sniff out nearby items.
Your experience applies equally to all skills.


Message History

Aim: a wolf (severely wounded, 75% to hit)
The blast of sand misses the wolf.
The wolf bites you!
* * * LOW HITPOINT WARNING * * *
The wolf barely misses you. The wolf bites you.
* * * LOW HITPOINT WARNING * * *
The wolf barely misses you. x2; The wolf misses you.
The wolf barely misses you. The wolf closely misses you.
You block the wolf's attack. The wolf bites you but does no damage.
The wolf completely misses you.
Casting: Sandblast (safe; 1% risk of failure)
Confirm with . or Enter, or press ? or * to list all spells.
Aiming: Sandblast (safe; 1% risk of failure)
Press: ? - help, Shift-Dir - straight line, f/p - wolf
Aim: a wolf (severely wounded, 75% to hit)
The blast of sand hits the wolf.
The wolf is almost dead.
You block the wolf's attack. The wolf bites you but does no damage.
The wolf completely misses you.
The wolf bites you but does no damage. x3
The wolf misses you. The wolf barely misses you. The wolf closely misses you.
The wolf bites you but does no damage.
Casting: Sandblast (safe; 1% risk of failure)
Confirm with . or Enter, or press ? or * to list all spells.
Aiming: Sandblast (safe; 1% risk of failure)
Press: ? - help, Shift-Dir - straight line, f/p - wolf
Aim: a wolf (almost dead, 75% to hit)
The blast of sand hits the wolf.
The wolf is almost dead.
The wolf barely misses you. The wolf closely misses you. x3
The wolf bites you!
* * * LOW HITPOINT WARNING * * *
The wolf misses you. The wolf completely misses you. The wolf bites you.
* * * LOW HITPOINT WARNING * * *
The wolf barely misses you. The wolf bites you but does no damage.
You feel very mighty all of a sudden. The wolf closely misses you.
The wolf bites you but does no damage. The wolf misses you. The wolf bites you.
* * * LOW HITPOINT WARNING * * *
You block the wolf's attack. The wolf barely misses you. The wolf bites you.
* * * LOW HITPOINT WARNING * * *
You feel yourself speed up. The wolf bites you!
You die...

#################################
.................................
.................................
.#P.#P...........................
###.##................<..........
###.........<.hh...............
#####...........@h÷..............
#.#..#...........h.÷.............
.................................
...............>.................
#.####..####P....................
### #### #.....................
### #########....................
#.###.#P#.#......................
.............÷...................


You could see 4 wolves.

Vanquished Creatures
  Erolcha (D:9)
  4 hydras
  A boulder beetle (D:11)
  5 two-headed ogres
  Sonja (Lair:4)
  Amaemon (Lair:1)
  2 skeletal warriors (D:11)
  2 spriggan druids (Lair:3)
  3 deep elf pyromancers
  A lindwurm (Lair:3)
  7 elephants
  Joseph (D:9)
  5 black mambas
  An orange demon (Lair:1)
  2 gargoyles (D:11)
  10 cane toads
  3 kobold demonologists
  3 komodo dragons
  Psyche (D:9)
  Grinder (D:4)
  3 hornets
  A polar bear (Lair:3)
  Prince Ribbit (D:8)
  31 blink frogs
  Sigmund (D:2)
  2 wraiths
  5 wyverns
  A shadow (D:11)
  2 basilisks
  Grum (D:10)
  37 yaks
  2 vampire mosquitoes (D:10)
  A steam dragon (Lair:4)
  2 acid dragons
  18 water moccasins
  An orc warrior (D:10)
  2 ice beasts
  4 centaurs (D:11)
  18 wolves
  An ogre (D:6)
  2 phantoms
  2 kobold brigands (Sewer)
  11 bullfrogs
  2 scorpions
  12 wights
  10 killer bees
  6 howler monkeys
  2 bombardier beetles (D:6)
  2 hounds
  5 jellies
  7 orc priests
  A gnoll bouda (D:6)
  5 iguanas
  7 orc wizards
  2 sleepcaps
  6 hell rats (Lair:4)
  8 gnolls
  9 adders
  9 river rats
  3 shadow imps
  3 white imps (D:5)
  7 ufetubi
  2 dart slugs
  4 ribbon worms
  29 orcs
  11 endoplasms
  8 giant cockroaches
  5 hobgoblins
  7 jackals
  29 kobolds
  2 quokkas (D:2)
  15 ball pythons
  9 bats
  4 frilled lizards
  13 goblins
  29 rats
477 creatures vanquished.

Vanquished Creatures (others)
  A kobold brigand (D:6)
1 creature vanquished.

Grand Total: 478 creatures vanquished

Notes
Turn   | Place    | Note
-------+----------+-------------------------------------------
     0 | D:1      | CougarLife the Gnoll Earth Elementalist began the quest for
                  | the Orb.
     0 | D:1      | Reached XP level 1. HP: 13/13 MP: 6/6
   146 | D:1      | Reached XP level 2. HP: 15/19 MP: 3/7
   447 | D:1      | Reached skill level 5 in Spellcasting
   447 | D:1      | Reached XP level 3. HP: 25/25 MP: 6/9
   454 | D:1      | Learned a level 3 spell: Stone Arrow
   593 | D:1      | Reached skill level 1 in Invocations
  1161 | D:2      | Found a glowing silver altar of Zin.
  1164 | D:2      | Reached skill level 1 in Fighting
  1164 | D:2      | Reached skill level 1 in Short Blades
  1164 | D:2      | Reached skill level 1 in Long Blades
  1164 | D:2      | Reached skill level 1 in Axes
  1164 | D:2      | Reached skill level 1 in Maces & Flails
  1164 | D:2      | Reached skill level 1 in Polearms
  1164 | D:2      | Reached skill level 1 in Staves
  1164 | D:2      | Reached skill level 1 in Ranged Weapons
  1164 | D:2      | Reached skill level 1 in Throwing
  1164 | D:2      | Reached skill level 1 in Armour
  1164 | D:2      | Reached skill level 1 in Shields
  1164 | D:2      | Reached skill level 1 in Unarmed Combat
  1164 | D:2      | Reached skill level 1 in Evocations
  1304 | D:2      | Noticed Sigmund
  1314 | D:2      | Killed Sigmund
  1315 | D:2      | Reached skill level 1 in Hexes
  1315 | D:2      | Reached skill level 1 in Summonings
  1315 | D:2      | Reached skill level 1 in Necromancy
  1315 | D:2      | Reached skill level 1 in Translocations
  1315 | D:2      | Reached skill level 1 in Fire Magic
  1315 | D:2      | Reached skill level 1 in Ice Magic
  1315 | D:2      | Reached skill level 1 in Air Magic
  1315 | D:2      | Reached skill level 1 in Alchemy
  1315 | D:2      | Reached skill level 1 in Shapeshifting
  1315 | D:2      | Reached XP level 4. HP: 20/33 MP: 3/11
  1315 | D:2      | Reached XP level 5. HP: 23/38 MP: 3/12
  1482 | D:2      | Reached XP level 6. HP: 44/44 MP: 11/13
  1841 | D:3      | Found a faded altar of an unknown god.
  1847 | D:3      | Reached skill level 5 in Dodging
  2341 | D:3      | Found a glowing silver altar of Zin.
  2341 | D:3      | Found a snail-covered altar of Cheibriados.
  2556 | D:4      | Found a glowing drain.
  2569 | Sewer    | Entered a sewer
  3024 | Sewer    | Reached XP level 7. HP: 50/50 MP: 12/15
  3514 | D:4      | Reached skill level 5 in Stealth
  3806 | D:4      | Found a glowing golden altar of the Shining One.
  3900 | D:4      | Noticed Grinder
  3905 | D:4      | Paralysed by Grinder for 4 turns
  3916 | D:4      | Paralysed by Grinder for 4 turns
  4031 | D:4      | Killed Grinder
  4032 | D:4      | Reached XP level 8. HP: 58/58 MP: 3/17
  4349 | D:5      | Entered Level 5 of the Dungeon
  4575 | D:5      | Identified the +1 helmet of Awac {Harm rN++ Int+4}
  4589 | D:5      | Found a staircase to the Ecumenical Temple.
  4614 | Temple   | Entered the Ecumenical Temple
  4629 | Temple   | Became a worshipper of Vehumet
  4680 | D:5      | Identified the +1 spear "Heodal Zecoq" {venom, Fly rF-
                  | rN++}
  5079 | D:5      | Found an iron altar of Okawaru.
  5710 | D:6      | Found a sacrificial altar of Ru.
  6019 | D:6      | Reached XP level 9. HP: 65/65 MP: 15/18
  6068 | D:6      | Reached * piety under Vehumet
  6068 | D:6      | Offered knowledge of Magic Dart by Vehumet.
  6778 | D:7      | Noticed a two-headed ogre
  6784 | D:7      | Killed a two-headed ogre
  6785 | D:7      | Reached skill level 5 in Invocations
  7168 | D:7      | Offered knowledge of Mercury Vapours by Vehumet.
  7171 | D:7      | Reached ** piety under Vehumet
  7265 | D:7      | HP: 3/67 [killer bee (1)]
  7273 | D:7      | Reached skill level 5 in Fighting
  7273 | D:7      | Reached skill level 5 in Short Blades
  7273 | D:7      | Reached skill level 5 in Long Blades
  7273 | D:7      | Reached skill level 5 in Axes
  7273 | D:7      | Reached skill level 5 in Maces & Flails
  7273 | D:7      | Reached skill level 5 in Polearms
  7273 | D:7      | Reached skill level 5 in Staves
  7273 | D:7      | Reached skill level 5 in Ranged Weapons
  7273 | D:7      | Reached skill level 5 in Throwing
  7273 | D:7      | Reached skill level 5 in Armour
  7273 | D:7      | Reached skill level 5 in Shields
  7273 | D:7      | Reached skill level 5 in Unarmed Combat
  7273 | D:7      | Reached skill level 5 in Evocations
  7273 | D:7      | Reached XP level 10. HP: 24/74 MP: 14/20
  7623 | D:7      | Learned a level 4 spell: Brom's Barrelling Boulder
  7762 | D:8      | Noticed Prince Ribbit
  8131 | D:8      | Killed Prince Ribbit
  8380 | D:9      | Reached skill level 5 in Conjurations
  8506 | D:9      | Reached skill level 5 in Shapeshifting
  8510 | D:9      | Noticed Joseph
  8560 | D:9      | Noticed Psyche
  8759 | D:9      | Killed Psyche
  8881 | D:9      | Killed Joseph
  8910 | D:9      | Noticed Erolcha
  8916 | D:9      | Killed Erolcha
  8945 | D:9      | Reached skill level 5 in Hexes
  8945 | D:9      | Reached skill level 5 in Summonings
  8945 | D:9      | Reached skill level 5 in Necromancy
  8945 | D:9      | Reached skill level 5 in Translocations
  8945 | D:9      | Reached skill level 5 in Fire Magic
  8945 | D:9      | Reached skill level 5 in Ice Magic
  8945 | D:9      | Reached skill level 5 in Air Magic
  8945 | D:9      | Reached skill level 5 in Alchemy
  8945 | D:9      | Reached XP level 11. HP: 27/81 MP: 8/22
  9445 | D:9      | Found a white marble altar of Elyvilon.
  9675 | D:9      | Noticed a deep elf pyromancer
  9688 | D:9      | Noticed a sun demon
  9693 | D:9      | Killed a deep elf pyromancer
  9693 | D:9      | Offered knowledge of Frozen Ramparts by Vehumet.
  9741 | D:9      | Noticed a deep elf pyromancer
  9767 | D:9      | Killed a deep elf pyromancer
  9984 | D:9      | Got the Codex of Hermetica
 10108 | D:10     | Entered Level 10 of the Dungeon
 10108 | D:10     | Noticed Grum
 10174 | D:10     | Found a staircase to the Lair.
 10468 | D:10     | Killed Grum
 10551 | D:10     | Reached *** piety under Vehumet
 10616 | D:10     | Noticed a two-headed ogre
 10621 | D:10     | Killed a two-headed ogre
 10781 | D:10     | Noticed a two-headed ogre
 10814 | D:10     | Killed a two-headed ogre
 10993 | D:10     | Found a blossoming altar of Fedhas.
 10993 | D:10     | Found a hazy altar of Hepliaklqana.
 11017 | D:10     | Found a staircase to the Orcish Mines.
 11616 | D:11     | Noticed a two-headed ogre
 11622 | D:11     | Killed a two-headed ogre
 11735 | D:11     | Identified the +9 short sword of Ziskibol {flame, rPois
                  | Str+3 Stlth+}
 11938 | D:11     | Noticed a two-headed ogre
 11946 | D:11     | Killed a two-headed ogre
 11947 | D:11     | Reached XP level 12. HP: 81/91 MP: 18/24
 12165 | D:11     | Noticed a boulder beetle
 12251 | D:11     | Offered knowledge of Inner Flame by Vehumet.
 12426 | D:11     | Killed a boulder beetle
 12591 | D:11     | Noticed Erica
 12593 | D:11     | HP: 1/91 [skeletal warrior/javelin (11)]
 13020 | Lair:1   | Entered Level 1 of the Lair of Beasts
 13020 | Lair:1   | Noticed Amaemon
 13043 | Lair:1   | Killed Amaemon
 13645 | Lair:1   | Found a runed translucent door.
 13646 | Lair:1   | Noticed Azoth's ghost (journeyman TrSh)
 14943 | Lair:2   | Found a staircase to the Snake Pit.
 14999 | Lair:2   | Reached **** piety under Vehumet
 15205 | Lair:2   | Noticed a five-headed hydra
 15219 | Lair:2   | Killed a five-headed hydra
 15238 | Lair:2   | Reached XP level 13. HP: 98/98 MP: 26/26
 15278 | Lair:2   | Offered knowledge of Ignite Poison by Vehumet.
 15986 | Lair:2   | Learned a level 6 spell: Bombard
 15989 | Lair:2   | Learned a level 2 spell: Mercury Vapours
 15994 | Lair:2   | Learned a level 4 spell: Ignite Poison
 16173 | Lair:3   | You fall into a shaft and drop 2 floors!
 16173 | Lair:5   | Entered Level 5 of the Lair of Beasts
 16943 | Lair:3   | Reached skill level 10 in Spellcasting
 17777 | Lair:3   | Reached skill level 10 in Dodging
 18412 | Lair:3   | Found a staircase to the Swamp.
 18574 | Lair:4   | Found a runed translucent gate.
 18574 | Lair:4   | Found a runed translucent gate.
 18574 | Lair:4   | Found a runed translucent gate.
 18801 | Lair:4   | Noticed jasper's ghost (journeyman DEAl)
 18801 | Lair:4   | Noticed Hoaki's ghost (journeyman HONe)
 18802 | Lair:4   | Noticed Hoaki's ghost (journeyman HONe)
 18841 | Lair:4   | Found a staircase to the Slime Pits.
 19070 | Lair:4   | Reached ***** piety under Vehumet
 19073 | Lair:4   | Offered knowledge of Irradiate by Vehumet.
 19319 | Lair:4   | Reached skill level 10 in Stealth
 19461 | Lair:4   | Noticed Sonja
 19468 | Lair:4   | Killed Sonja
 19706 | Lair:4   | Reached XP level 14. HP: 53/108 MP: 17/28
 19711 | Lair:4   | Reached skill level 10 in Invocations
 20710 | Lair:4   | HP: 5/108 [wolf (3)]
 20711 | Lair:4   | Slain by a wolf

Illustrated notes

Levels and vault maps discovered:
D:1:      elethiomel_arrival_quiet, layout_rooms, serial_bayou,
          serial_bayou_pond_a, serial_bayou_crossing, serial_bayou_shore_b,
          serial_bayou_lagoon_b, serial_bayou_ford_a, serial_bayou_lake_a
D:2:      layout_basic, basic_altar, uniq_sigmund
D:3:      layout_rooms, gammafunk_temple_overflow_statue,
          shapermc_ecumenical_altar_pompeii, chequers_hall_statues_corner_a,
          minmay_distorted
D:4:      layout_cave_pools, tso_altar, gup_sewer_entry_bubbles,
          serial_library_regret_index_small_wings, minmay_misc_feat_five,
          serial_library_hellmonk_long_bookcase, chequers_serial_rivers_small_3,
          uniq_grinder
D:5:      layout_basic, hellmonk_okawaru_the_only_friend_you_need,
          minmay_temple_entry_waves, serial_demonic, serial_demonic_b,
          serial_demonic_b, serial_demonic_f, serial_demonic_d,
          minmay_tree_intersection, ebering_dispersal_statue_hall,
          hangedman_decor_opposing
D:6:      minmay_spotlight, layout_basic, nicolae_ru_great_annihilating_truth,
          wad_floor_pattern_1
D:7:      nicolae_cairo_tiling_very_big, layout_gridville,
          mainiacjoe_ossuary_entry_dusty_tomb
D:8:      layout_cave_pools, uniq_prince_ribbit1
D:9:      layout_loops_cross, mainiacjoe_overflow_24_doors,
          serial_library_hellmonk_metal_room, uniq_joseph, uniq_erolcha,
          uniq_psyche
D:10:     layout_roguey, gammafunk_temple_overflow_elements,
          erik_lair_orcish_takeover, uniq_grum
D:11:     layout_roguey, uniq_erica
Temple:   compressed_dpeg_circular_temple
Lair:1:   layout_hall_layers, serial_forest, infiniplex_forest_clump_long,
          infiniplex_forest_lined_2, infiniplex_forest_clump_tiny,
          infiniplex_forest_clump_small, infiniplex_forest_clump_cross,
          infiniplex_forest_lined_room_2, infiniplex_forest_lined_room_3,
          infiniplex_forest_pool, ebering_ghost_inner_flame,
          infiniplex_staircase_pool, uniq_amaemon
Lair:2:   layout_cave_pods, minmay_snake_entry_six_corridors,
          chequers_serial_rivers_micro_c
Lair:3:   layout_roguey, mainiacjoe_swamp_entry_angry_trees
Lair:4:   layout_long_grid, slime_entry_2, gammafunk_ghost_cemetery, uniq_sonja
Lair:5:   evilmike_catoblepas_cave, layout_loops_ring, uniq_rupert

Skill      XL: |  1  2  3  4  5  6  7  8  9 10 11 12 13 14 |
---------------+-------------------------------------------+-----
Conjurations   | 2 3 4 5 6 7 8 |  8.1
Spellcasting   | 5 6 7 8 9 10 | 10.6
Invocations    | 2 3 4 5 6 7 8 9 10 | 10.2
Fighting       | 1 2 3 5 6 7 8 9 |  9.4
Short Blades   | 1 2 3 5 6 7 8 9 |  9.4
Long Blades    | 1 2 3 5 6 7 8 9 |  9.4
Axes           | 1 2 3 5 6 7 8 9 |  9.4
Maces & Flails | 1 2 3 5 6 7 8 9 |  9.4
Polearms       | 1 2 3 5 6 7 8 9 |  9.4
Staves         | 1 2 3 5 6 7 8 9 |  9.4
Ranged Weapons | 1 2 3 5 6 7 8 9 |  9.4
Throwing       | 1 2 3 5 6 7 8 9 |  9.4
Armour         | 1 2 3 5 6 7 8 9 |  9.4
Shields        | 1 2 3 5 6 7 8 9 |  9.4
Unarmed Combat | 1 2 3 5 6 7 8 9 |  9.4
Evocations     | 1 2 3 5 6 7 8 9 |  9.4
Hexes          | 1 2 3 4 5 6 7 |  7.8
Summonings     | 1 2 3 4 5 6 7 |  7.8
Necromancy     | 1 2 3 4 5 6 7 |  7.8
Translocations | 1 2 3 4 5 6 7 |  7.8
Fire Magic     | 1 2 3 4 5 6 7 |  7.8
Ice Magic      | 1 2 3 4 5 6 7 |  7.8
Air Magic      | 1 2 3 4 5 6 7 |  7.8
Alchemy        | 1 2 3 4 5 6 7 |  7.8
Shapeshifting  | 1 2 3 4 5 6 7 8 |  8.6
Dodging        | 5 6 7 8 9 10 | 10.4
Stealth        | 5 6 7 8 9 10 | 10.3
Earth Magic    | 6 7 8 9 |  9.6

Action                     |  1- 3 |  4- 6 |  7- 9 | 10-12 | 13-15 || total
---------------------------+-------+-------+-------+-------+-------++-------
  Melee: Dagger            |    31 |    29 |    18 |    64 |       ||   142
         Bite              |     3 |     4 |     1 |    16 |    13 ||    37
         Punch             |     2 |     1 |     1 |     8 |     8 ||    20
         Short sword       |       |       |       |    58 |    62 ||   120
  Throw: Dart              |       |       |     3 |     1 |     2 ||     6
   Cast: Sandblast         |    55 |   100 |   218 |   224 |   256 ||   853
         Stone Arrow       |     5 |     2 |    18 |   115 |    80 ||   220
         Brom's Barrelling |       |       |       |     1 |       ||     1
         Mercury Vapours   |       |       |       |       |     6 ||     6
         Ignite Poison     |       |       |       |       |     1 ||     1
  Evoke: Wand              |       |       |       |    17 |     1 ||    18
    Use: Potion            |     1 |       |     4 |     7 |     3 ||    15
         Scroll            |       |       |       |    11 |     6 ||    17
   Stab: Sleeping          |       |     1 |       |       |       ||     1
         Paralysed         |       |       |       |     3 |     1 ||     4
 Armour: Robe              |    35 |    28 |   109 |   255 |   319 ||   746
  Dodge: Dodged            |    40 |    34 |   104 |   290 |   342 ||   810
  Block: Other             |     6 |    13 |    26 |    77 |    85 ||   207
         Reflection        |       |     2 |     1 |     3 |       ||     6

Table legend: (Time is in decaauts)
 A = Elapsed time spent in this place.
 B = Non-inter-level travel time spent in this place.
 C = Inter-level travel time spent in this place.
 D = Time resting spent in this place.
 E = Time spent auto-exploring this place.
 F = Levels seen in this place.
 G = Mean time per level.
                   A        B        C        D        E       F      G
               +--------+--------+--------+--------+--------+-----+--------+
         Total |  21210 |  20290 |    920 |   6271 |   9570 |  18 | 1178.3 |
       Dungeon |  12492 |  11736 |    756 |   3236 |   5728 |  11 | 1135.6 |
        Temple |     30 |      2 |     28 |      0 |      0 |   1 |   30.0 |
          Lair |   7724 |   7588 |    136 |   2736 |   3590 |   5 | 1544.8 |
         Sewer |    962 |    962 |      0 |    298 |    251 |   1 |  962.0 |
               +--------+--------+--------+--------+--------+-----+--------+

Top non-repeatable levels by time:
  Lair:4: 2174 daAuts
  Lair:3: 2131 daAuts
     D:9: 1605 daAuts
  Lair:1: 1550 daAuts
    D:10: 1536 daAuts
  Lair:2: 1531 daAuts
     D:6: 1414 daAuts
    D:11: 1374 daAuts
     D:1: 1155 daAuts
     D:5: 1060 daAuts
     D:8: 1022 daAuts
   Sewer: 962 daAuts
     D:4: 955 daAuts
     D:3: 826 daAuts
     D:7: 787 daAuts
